[ PARTIDA AOE2 · #464910990 ]
Team RMWei vs Tatars
[ ANÁLISIS DE REPETICIÓN · EXTRAÍDO DE LA PARTIDA GRABADA ]
Feudal
9:23
Castillos
—
Imperial
—
| APM promedio | 30.5 |
| APM pico | 52 |
| eAPM promedio | 13.5 |
| Aldeanos / militares | 40 / 13 |
Foco
⚔️ 27.2% · 🌾 72.8%
Scout Cavalry ×11 · Spearman ×2
Feudal
11:01
Castillos
15:24
Imperial
—
| APM promedio | 24.1 |
| APM pico | 60 |
| eAPM promedio | 9.4 |
| Aldeanos / militares | 36 / 11 |
Foco
⚔️ 24.5% · 🌾 75.5%
Knight ×9 · Spearman ×2
Feudal
11:37
Castillos
—
Imperial
—
| APM promedio | 23.5 |
| APM pico | 66 |
| eAPM promedio | 9.3 |
| Aldeanos / militares | 31 / 2 |
Foco
⚔️ 9.6% · 🌾 90.4%
Scout Cavalry ×2
Feudal
10:19
Castillos
—
Imperial
—
| APM promedio | 53.0 |
| APM pico | 93 |
| eAPM promedio | 21.2 |
| Aldeanos / militares | 43 / 20 |
Foco
⚔️ 23.4% · 🌾 76.6%
Spearman ×9 · Archer ×7 · Militia ×4
Feudal
9:24
Castillos
—
Imperial
—
| APM promedio | 68.9 |
| APM pico | 97 |
| eAPM promedio | 25.0 |
| Aldeanos / militares | 44 / 12 |
Foco
⚔️ 48.2% · 🌾 51.8%
Scout Cavalry ×12
Feudal
9:04
Castillos
—
Imperial
—
| APM promedio | 39.8 |
| APM pico | 82 |
| eAPM promedio | 16.8 |
| Aldeanos / militares | 37 / 26 |
Foco
⚔️ 41.1% · 🌾 58.9%
Archer ×26
Feudal
9:20
Castillos
—
Imperial
—
| APM promedio | 34.1 |
| APM pico | 61 |
| eAPM promedio | 13.8 |
| Aldeanos / militares | 52 / 7 |
Foco
⚔️ 19.3% · 🌾 80.7%
Scout Cavalry ×7
Feudal
10:07
Castillos
—
Imperial
—
| APM promedio | 40.5 |
| APM pico | 73 |
| eAPM promedio | 14.7 |
| Aldeanos / militares | 44 / 32 |
Foco
⚔️ 39.8% · 🌾 60.2%
Archer ×29 · Skirmisher ×3
Mapa de la partida
Recursos iniciales + cada clic de construcción. Líneas = muros · curvas = relieve. ◆ oro · ⬟ piedra · ● bayas · ✦ reliquia · ◌ hueco del cierre
Tu base· Abierta — flanco sin cerrar
Base de rencud· Abierta — flanco sin cerrar
Base de nanoushka· Abierta — flanco sin cerrar
Base de Vinric· Abierta — flanco sin cerrar
Base de Frondeur· Abierta — flanco sin cerrar
Base de U Have Brain Lag· Abierta — flanco sin cerrar
Base de ZZswitch· Abierta — hueco de 7t
Base de Chili· Abierta — flanco sin cerrar
Terreno inicial suavizado · ◌ = hueco del cierre detectado · pasá el cursor para detalles
Inputs por minuto
— Confiturier - - rencud
Build order — Confiturier
105 acciones detectadas en el replay
| 0:01 | Crear | Villager (Male) |
| 0:01 | Crear | Villager (Male) |
| 0:01 | Crear | Villager (Male) |
| 0:03 | Construir | House |
| 0:04 | Construir | House |
| 0:18 | Crear | Villager (Male) |
| 1:42 | Crear | Villager (Male) |
| 1:58 | Crear | Villager (Male) |
| 2:20 | Construir | Lumber Camp |
| 2:23 | Crear | Villager (Male) |
| 2:47 | Crear | Villager (Male) |
| 3:20 | Crear | Villager (Male) |
| 3:43 | Construir | House |
| 3:46 | Crear | Villager (Male) |
| 4:01 | Crear | Villager (Male) |
| 4:35 | Crear | Villager (Male) |
| 4:35 | Crear | Villager (Male) |
| 4:35 | Crear | Villager (Male) |
| 5:34 | Construir | Mill |
| 5:39 | Crear | Villager (Male) |
| 5:45 | Crear | Villager (Male) |
| 6:35 | Investigar | Loom |
| 7:09 | Construir | Mill |
| 7:10 | Crear | Villager (Male) |
| 7:13 | Investigar | Feudal Age |
| 7:32 | Construir | House |
| 8:11 | Construir | Barracks |
| 8:52 | Crear | Villager (Male) |
| 9:23 | Edad | Edad Feudal |
| 9:25 | Construir | Stable |
| 9:28 | Investigar | Double-Bit Axe |
| 9:34 | Construir | House |
| 9:37 | Crear | Villager (Male) |
| 9:58 | Investigar | Horse Collar |
| 10:08 | Crear | Villager (Male) |
| 10:30 | Construir | Mill |
| 10:32 | Crear | Villager (Male) |
| 10:38 | Crear | Scout Cavalry |
| 10:43 | Construir | House |
| 10:50 | Construir | Farm |
| 11:06 | Construir | Farm |
| 11:07 | Crear | Villager (Male) |
| 11:10 | Construir | Farm |
| 11:12 | Construir | Farm |
| 11:27 | Construir | Farm |
| 11:32 | Crear | Villager (Male) |
| 11:42 | Crear | Scout Cavalry |
| 11:43 | Crear | Scout Cavalry |
| 11:45 | Construir | Farm |
| 11:59 | Crear | Villager (Male) |
| 12:15 | Construir | Farm |
| 12:16 | Construir | Farm |
| 12:20 | Construir | Farm |
| 12:22 | Crear | Villager (Male) |
| 12:28 | Construir | House |
| 12:35 | Crear | Scout Cavalry |
| 12:36 | Crear | Scout Cavalry |
| 12:47 | Crear | Villager (Male) |
| 12:53 | Crear | Spearman |
| 12:58 | Construir | Palisade Wall |
| 13:06 | Crear | Villager (Male) |
| 13:08 | Construir | Farm |
| 13:23 | Construir | Palisade Wall |
| 13:53 | Crear | Villager (Male) |
| 14:00 | Construir | Farm |
| 14:11 | Construir | Palisade Wall |
| 14:17 | Crear | Villager (Male) |
| 14:26 | Crear | Scout Cavalry |
| 14:27 | Construir | Farm |
| 14:29 | Construir | Farm |
| 14:30 | Construir | Farm |
| 14:36 | Crear | Villager (Male) |
| 14:43 | Crear | Scout Cavalry |
| 15:01 | Crear | Villager (Male) |
| 15:03 | Construir | Farm |
| 15:07 | Construir | House |
| 15:12 | Crear | Villager (Male) |
| 15:23 | Construir | House |
| 15:47 | Crear | Villager (Male) |
| 15:53 | Crear | Scout Cavalry |
| 15:59 | Construir | Blacksmith |
| 16:02 | Crear | Villager (Male) |
| 16:21 | Construir | Mill |
| 16:22 | Crear | Villager (Male) |
| 16:45 | Construir | Palisade Wall |
| 16:47 | Construir | House |
| 16:50 | Construir | House |
| 16:53 | Construir | Palisade Wall |
| 17:04 | Investigar | Forging |
| 17:06 | Construir | Farm |
| 17:14 | Crear | Villager (Male) |
| 17:17 | Crear | Villager (Male) |
| 17:20 | Construir | House |
| 17:25 | Construir | Lumber Camp |
| 18:05 | Construir | Mining Camp |
| 18:16 | Crear | Villager (Male) |
| 18:17 | Crear | Villager (Male) |
| 18:20 | Crear | Spearman |
| 18:22 | Crear | Scout Cavalry |
| 18:22 | Crear | Scout Cavalry |
| 18:25 | Investigar | Scale Barding Armor |
| 18:43 | Crear | Villager (Male) |
| 18:55 | Crear | Scout Cavalry |
| 18:58 | Investigar | Gold Mining |
| 19:03 | Investigar | Wheelbarrow |
Build order — rencud
100 acciones detectadas en el replay
| 0:02 | Crear | Villager (Male) |
| 0:04 | Construir | House |
| 0:06 | Construir | House |
| 0:15 | Crear | Villager (Male) |
| 0:16 | Crear | Villager (Male) |
| 0:16 | Crear | Villager (Male) |
| 0:16 | Crear | Villager (Male) |
| 1:24 | Crear | Villager (Male) |
| 1:24 | Crear | Villager (Male) |
| 1:24 | Crear | Villager (Male) |
| 2:02 | Construir | Lumber Camp |
| 2:04 | Crear | Villager (Male) |
| 2:04 | Crear | Villager (Male) |
| 2:26 | Crear | Villager (Male) |
| 3:03 | Crear | Villager (Male) |
| 3:04 | Crear | Villager (Male) |
| 3:46 | Construir | Mill |
| 4:02 | Crear | Villager (Male) |
| 4:02 | Crear | Villager (Male) |
| 4:08 | Construir | House |
| 4:13 | Investigar | Loom |
| 5:05 | Construir | House |
| 5:20 | Crear | Villager (Male) |
| 5:20 | Crear | Villager (Male) |
| 5:50 | Crear | Villager (Male) |
| 5:54 | Construir | House |
| 5:59 | Construir | Palisade Wall |
| 6:02 | Construir | Palisade Wall |
| 6:11 | Crear | Villager (Male) |
| 6:11 | Crear | Villager (Male) |
| 7:06 | Crear | Villager (Male) |
| 7:06 | Crear | Villager (Male) |
| 7:29 | Crear | Villager (Male) |
| 7:30 | Crear | Villager (Male) |
| 7:36 | Construir | Barracks |
| 7:43 | Construir | House |
| 7:46 | Construir | Palisade Wall |
| 8:19 | Construir | Mining Camp |
| 8:32 | Construir | Palisade Wall |
| 8:35 | Construir | House |
| 8:44 | Investigar | Feudal Age |
| 9:06 | Construir | House |
| 9:32 | Construir | Mill |
| 10:05 | Crear | Villager (Male) |
| 10:05 | Crear | Villager (Male) |
| 10:18 | Construir | Mill |
| 10:31 | Construir | Palisade Wall |
| 11:01 | Edad | Edad Feudal |
| 11:02 | Construir | Stable |
| 11:25 | Construir | Blacksmith |
| 11:43 | Construir | Palisade Wall |
| 11:47 | Crear | Villager (Male) |
| 12:07 | Construir | Palisade Wall |
| 12:10 | Crear | Villager (Male) |
| 12:43 | Construir | Palisade Wall |
| 12:58 | Investigar | Castle Age |
| 13:08 | Construir | Stable |
| 13:12 | Construir | Palisade Wall |
| 13:45 | Investigar | Double-Bit Axe |
| 14:14 | Crear | Spearman |
| 14:20 | Investigar | Bloodlines |
| 14:20 | Investigar | Bloodlines |
| 14:26 | Construir | Palisade Wall |
| 14:34 | Construir | Palisade Wall |
| 14:36 | Construir | Palisade Wall |
| 14:53 | Construir | Palisade Wall |
| 14:55 | Construir | Palisade Wall |
| 15:04 | Crear | Spearman |
| 15:24 | Edad | Edad de los Castillos |
| 15:30 | Construir | Mill |
| 15:33 | Crear | Knight |
| 15:33 | Crear | Knight |
| 15:35 | Crear | Villager (Male) |
| 15:41 | Crear | Villager (Male) |
| 16:08 | Crear | Villager (Male) |
| 16:20 | Crear | Knight |
| 16:21 | Crear | Knight |
| 16:49 | Crear | Villager (Male) |
| 16:51 | Construir | Farm |
| 16:52 | Crear | Knight |
| 17:22 | Crear | Villager (Male) |
| 17:25 | Crear | Knight |
| 17:31 | Construir | House |
| 17:32 | Construir | House |
| 17:41 | Construir | House |
| 17:43 | Construir | House |
| 17:57 | Crear | Knight |
| 18:13 | Investigar | Wheelbarrow |
| 18:16 | Construir | Farm |
| 18:19 | Construir | House |
| 18:20 | Construir | House |
| 18:25 | Construir | House |
| 18:30 | Construir | House |
| 18:37 | Construir | Mill |
| 18:41 | Crear | Villager (Male) |
| 18:48 | Investigar | Horse Collar |
| 18:55 | Crear | Knight |
| 19:20 | Crear | Villager (Male) |
| 19:22 | Crear | Knight |
| 19:45 | Crear | Villager (Male) |
Build order — nanoushka
64 acciones detectadas en el replay
| 0:04 | Construir | House |
| 0:05 | Construir | House |
| 0:29 | Crear | Villager (Male) |
| 0:30 | Crear | Villager (Male) |
| 0:49 | Crear | Villager (Male) |
| 0:49 | Crear | Villager (Male) |
| 0:49 | Crear | Villager (Male) |
| 2:10 | Crear | Villager (Male) |
| 2:10 | Crear | Villager (Male) |
| 2:15 | Construir | Lumber Camp |
| 2:26 | Crear | Villager (Male) |
| 2:26 | Crear | Villager (Male) |
| 3:00 | Crear | Villager (Male) |
| 3:26 | Crear | Villager (Male) |
| 3:26 | Crear | Villager (Male) |
| 4:04 | Crear | Villager (Male) |
| 4:44 | Construir | House |
| 5:10 | Construir | Mill |
| 5:17 | Crear | Villager (Male) |
| 5:17 | Crear | Villager (Male) |
| 5:17 | Crear | Villager (Male) |
| 5:58 | Crear | Villager (Male) |
| 6:20 | Crear | Villager (Male) |
| 7:22 | Construir | Mill |
| 7:37 | Crear | Villager (Male) |
| 7:37 | Crear | Villager (Male) |
| 7:38 | Crear | Villager (Male) |
| 7:43 | Investigar | Loom |
| 8:39 | Crear | Villager (Male) |
| 8:48 | Construir | House |
| 8:51 | Construir | House |
| 9:27 | Investigar | Feudal Age |
| 10:03 | Construir | House |
| 10:26 | Construir | Farm |
| 10:26 | Construir | Farm |
| 10:26 | Construir | Farm |
| 10:27 | Construir | Farm |
| 10:27 | Construir | Farm |
| 10:27 | Construir | Farm |
| 10:54 | Construir | House |
| 11:23 | Construir | Barracks |
| 11:34 | Crear | Villager (Male) |
| 11:37 | Edad | Edad Feudal |
| 12:29 | Crear | Villager (Male) |
| 12:30 | Crear | Villager (Male) |
| 12:30 | Crear | Villager (Male) |
| 13:09 | Construir | Stable |
| 13:26 | Construir | Farm |
| 13:38 | Construir | Lumber Camp |
| 13:59 | Crear | Villager (Male) |
| 14:21 | Construir | Farm |
| 14:21 | Construir | Farm |
| 14:28 | Crear | Scout Cavalry |
| 14:28 | Crear | Scout Cavalry |
| 15:32 | Crear | Villager (Male) |
| 15:43 | Construir | Farm |
| 15:44 | Construir | Farm |
| 15:44 | Construir | Farm |
| 16:21 | Construir | Farm |
| 17:09 | Crear | Villager (Male) |
| 17:10 | Crear | Villager (Male) |
| 17:27 | Crear | Villager (Male) |
| 17:50 | Construir | Mining Camp |
| 17:56 | Investigar | Double-Bit Axe |
Build order — Vinric
125 acciones detectadas en el replay
| 0:01 | Crear | Villager (Male) |
| 0:01 | Crear | Villager (Male) |
| 0:02 | Construir | House |
| 0:04 | Construir | House |
| 0:07 | Crear | Villager (Male) |
| 0:07 | Crear | Villager (Male) |
| 1:25 | Crear | Villager (Male) |
| 1:26 | Crear | Villager (Male) |
| 1:55 | Crear | Villager (Male) |
| 2:07 | Construir | Lumber Camp |
| 2:23 | Crear | Villager (Male) |
| 2:52 | Crear | Villager (Male) |
| 2:52 | Crear | Villager (Male) |
| 3:23 | Crear | Villager (Male) |
| 3:23 | Crear | Villager (Male) |
| 3:46 | Crear | Villager (Male) |
| 3:46 | Crear | Villager (Male) |
| 4:14 | Crear | Villager (Male) |
| 4:14 | Crear | Villager (Male) |
| 4:24 | Construir | Mill |
| 4:33 | Crear | Villager (Male) |
| 4:44 | Construir | House |
| 4:49 | Investigar | Loom |
| 4:51 | Crear | Villager (Male) |
| 5:16 | Crear | Villager (Male) |
| 5:33 | Construir | House |
| 5:43 | Crear | Villager (Male) |
| 5:44 | Crear | Villager (Male) |
| 6:02 | Crear | Villager (Male) |
| 7:02 | Construir | Barracks |
| 7:05 | Construir | House |
| 7:11 | Crear | Villager (Male) |
| 7:25 | Crear | Villager (Male) |
| 8:07 | Investigar | Feudal Age |
| 8:11 | Construir | Mining Camp |
| 8:18 | Construir | Palisade Wall |
| 8:44 | Crear | Militia |
| 9:09 | Crear | Militia |
| 9:09 | Crear | Militia |
| 9:41 | Crear | Villager (Male) |
| 9:58 | Construir | Lumber Camp |
| 10:06 | Crear | Militia |
| 10:19 | Edad | Edad Feudal |
| 10:28 | Investigar | Man-at-Arms (upgrade) |
| 10:28 | Investigar | Man-at-Arms (upgrade) |
| 10:36 | Investigar | Double-Bit Axe |
| 10:36 | Investigar | Double-Bit Axe |
| 10:48 | Crear | Villager (Male) |
| 10:48 | Crear | Villager (Male) |
| 10:51 | Construir | Farm |
| 11:20 | Crear | Villager (Male) |
| 11:20 | Crear | Spearman |
| 11:26 | Construir | Archery Range |
| 11:33 | Crear | Spearman |
| 11:36 | Crear | Villager (Male) |
| 11:51 | Construir | House |
| 12:17 | Construir | House |
| 12:22 | Construir | Farm |
| 12:22 | Construir | Farm |
| 12:23 | Construir | Farm |
| 12:27 | Construir | Farm |
| 12:36 | Crear | Villager (Male) |
| 12:49 | Crear | Spearman |
| 12:52 | Crear | Spearman |
| 12:55 | Construir | Farm |
| 12:59 | Crear | Archer |
| 12:59 | Crear | Archer |
| 13:10 | Crear | Villager (Male) |
| 13:10 | Crear | Villager (Male) |
| 13:13 | Construir | Farm |
| 13:16 | Construir | House |
| 13:23 | Crear | Spearman |
| 13:31 | Crear | Villager (Male) |
| 13:41 | Construir | House |
| 13:46 | Crear | Villager (Male) |
| 13:48 | Construir | Farm |
| 14:01 | Crear | Villager (Male) |
| 14:01 | Crear | Spearman |
| 14:13 | Construir | Farm |
| 14:28 | Crear | Villager (Male) |
| 14:28 | Crear | Archer |
| 14:29 | Crear | Archer |
| 14:40 | Crear | Spearman |
| 14:41 | Crear | Villager (Male) |
| 14:50 | Crear | Villager (Male) |
| 14:56 | Construir | House |
| 15:00 | Construir | Palisade Wall |
| 15:14 | Crear | Villager (Male) |
| 15:15 | Crear | Spearman |
| 15:40 | Crear | Archer |
| 15:43 | Construir | Blacksmith |
| 15:48 | Construir | Palisade Wall |
| 15:50 | Construir | Palisade Gate |
| 15:50 | Crear | Villager (Male) |
| 15:53 | Construir | House |
| 15:57 | Construir | House |
| 16:24 | Crear | Spearman |
| 16:43 | Crear | Villager (Male) |
| 16:43 | Crear | Villager (Male) |
| 16:52 | Construir | Farm |
| 16:59 | Construir | House |
| 17:09 | Construir | Mill |
| 17:10 | Construir | Farm |
| 17:10 | Construir | Farm |
| 17:10 | Construir | Farm |
| 17:10 | Construir | Farm |
| 17:11 | Construir | Farm |
| 17:15 | Construir | Farm |
| 17:17 | Construir | Farm |
| 17:20 | Investigar | Wheelbarrow |
| 17:20 | Investigar | Wheelbarrow |
| 17:27 | Investigar | Horse Collar |
| 17:28 | Investigar | Horse Collar |
| 17:48 | Construir | Palisade Wall |
| 17:52 | Construir | Palisade Wall |
| 17:54 | Construir | Palisade Wall |
| 18:04 | Construir | Palisade Wall |
| 18:10 | Construir | Palisade Wall |
| 18:24 | Crear | Archer |
| 18:24 | Crear | Archer |
| 18:27 | Investigar | Fletching |
| 19:08 | Crear | Villager (Male) |
| 19:16 | Construir | Farm |
| 19:17 | Construir | Farm |
| 19:18 | Construir | Farm |
Build order — Frondeur
111 acciones detectadas en el replay
| 0:01 | Crear | Villager (Male) |
| 0:01 | Crear | Villager (Male) |
| 0:02 | Construir | House |
| 0:03 | Construir | House |
| 0:07 | Crear | Villager (Male) |
| 0:07 | Crear | Villager (Male) |
| 1:40 | Crear | Villager (Male) |
| 1:41 | Crear | Villager (Male) |
| 1:42 | Crear | Villager (Male) |
| 1:57 | Construir | Lumber Camp |
| 2:02 | Crear | Villager (Male) |
| 2:02 | Crear | Villager (Male) |
| 2:28 | Crear | Villager (Male) |
| 2:29 | Crear | Villager (Male) |
| 3:03 | Construir | House |
| 3:19 | Crear | Villager (Male) |
| 3:19 | Crear | Villager (Male) |
| 3:32 | Construir | House |
| 3:57 | Crear | Villager (Male) |
| 3:57 | Crear | Villager (Male) |
| 4:34 | Crear | Villager (Male) |
| 4:38 | Crear | Villager (Male) |
| 4:38 | Crear | Villager (Male) |
| 4:38 | Crear | Villager (Male) |
| 5:57 | Crear | Villager (Male) |
| 5:59 | Investigar | Loom |
| 6:00 | Investigar | Loom |
| 6:24 | Construir | Mill |
| 6:25 | Crear | Villager (Male) |
| 7:05 | Crear | Villager (Male) |
| 7:14 | Investigar | Feudal Age |
| 7:14 | Investigar | Feudal Age |
| 7:14 | Investigar | Feudal Age |
| 7:31 | Construir | Lumber Camp |
| 8:13 | Construir | Barracks |
| 8:49 | Construir | House |
| 9:23 | Crear | Villager (Male) |
| 9:24 | Edad | Edad Feudal |
| 9:26 | Construir | Stable |
| 9:37 | Crear | Villager (Male) |
| 10:05 | Construir | Blacksmith |
| 10:08 | Crear | Scout Cavalry |
| 10:09 | Crear | Scout Cavalry |
| 10:14 | Crear | Scout Cavalry |
| 10:14 | Crear | Villager (Male) |
| 10:28 | Crear | Villager (Male) |
| 10:31 | Construir | Farm |
| 10:33 | Construir | Farm |
| 10:51 | Construir | Farm |
| 10:59 | Crear | Villager (Male) |
| 11:00 | Crear | Scout Cavalry |
| 11:02 | Construir | Farm |
| 11:13 | Crear | Scout Cavalry |
| 11:19 | Construir | Farm |
| 11:21 | Construir | Farm |
| 11:29 | Crear | Villager (Male) |
| 11:41 | Crear | Scout Cavalry |
| 11:46 | Construir | House |
| 12:01 | Crear | Villager (Male) |
| 12:05 | Construir | Farm |
| 12:07 | Construir | Farm |
| 12:11 | Crear | Scout Cavalry |
| 12:18 | Construir | Farm |
| 12:37 | Crear | Villager (Male) |
| 12:41 | Construir | Farm |
| 12:45 | Crear | Villager (Male) |
| 12:47 | Construir | Farm |
| 12:57 | Construir | Farm |
| 13:08 | Crear | Scout Cavalry |
| 13:15 | Construir | House |
| 13:20 | Investigar | Forging |
| 13:20 | Investigar | Forging |
| 13:34 | Crear | Villager (Male) |
| 13:36 | Construir | Farm |
| 13:40 | Construir | House |
| 13:51 | Construir | House |
| 14:19 | Crear | Villager (Male) |
| 14:22 | Crear | Scout Cavalry |
| 14:36 | Crear | Villager (Male) |
| 14:44 | Crear | Scout Cavalry |
| 14:44 | Crear | Villager (Male) |
| 14:46 | Construir | Farm |
| 14:48 | Construir | Farm |
| 14:55 | Crear | Scout Cavalry |
| 14:58 | Construir | Stable |
| 15:09 | Crear | Villager (Male) |
| 15:20 | Crear | Villager (Male) |
| 15:22 | Construir | Farm |
| 15:35 | Crear | Villager (Male) |
| 15:50 | Crear | Villager (Male) |
| 15:53 | Construir | Mining Camp |
| 15:57 | Construir | Farm |
| 16:04 | Crear | Villager (Male) |
| 16:08 | Crear | Villager (Male) |
| 17:03 | Construir | Market |
| 17:13 | Crear | Villager (Male) |
| 17:37 | Crear | Villager (Male) |
| 17:43 | Construir | House |
| 17:45 | Construir | House |
| 17:47 | Construir | Palisade Wall |
| 17:49 | Construir | House |
| 17:51 | Construir | Palisade Wall |
| 17:51 | Construir | Palisade Wall |
| 18:03 | Investigar | Castle Age |
| 18:16 | Crear | Villager (Male) |
| 18:20 | Construir | House |
| 18:32 | Construir | House |
| 18:33 | Construir | Palisade Wall |
| 19:03 | Crear | Scout Cavalry |
| 19:05 | Investigar | Scale Barding Armor |
| 19:21 | Construir | Stable |
Build order — U Have Brain Lag
112 acciones detectadas en el replay
| 0:01 | Crear | Villager (Male) |
| 0:02 | Crear | Villager (Male) |
| 0:02 | Crear | Villager (Male) |
| 0:02 | Crear | Villager (Male) |
| 0:02 | Crear | Villager (Male) |
| 0:03 | Construir | House |
| 0:04 | Construir | House |
| 1:23 | Construir | Lumber Camp |
| 1:32 | Crear | Villager (Male) |
| 2:08 | Crear | Villager (Male) |
| 2:28 | Crear | Villager (Male) |
| 2:54 | Crear | Villager (Male) |
| 2:54 | Crear | Villager (Male) |
| 3:07 | Construir | House |
| 3:27 | Crear | Villager (Male) |
| 3:58 | Construir | Mill |
| 4:03 | Crear | Villager (Male) |
| 4:14 | Crear | Villager (Male) |
| 4:14 | Crear | Villager (Male) |
| 4:36 | Crear | Villager (Male) |
| 5:12 | Crear | Villager (Male) |
| 5:13 | Crear | Villager (Male) |
| 5:19 | Construir | House |
| 6:19 | Crear | Villager (Male) |
| 6:54 | Investigar | Feudal Age |
| 7:18 | Construir | Lumber Camp |
| 7:27 | Construir | Mining Camp |
| 8:10 | Construir | Barracks |
| 8:37 | Crear | Villager (Male) |
| 9:04 | Edad | Edad Feudal |
| 9:09 | Construir | Archery Range |
| 9:18 | Crear | Villager (Male) |
| 9:36 | Construir | Archery Range |
| 9:49 | Investigar | Loom |
| 9:50 | Crear | Villager (Male) |
| 9:55 | Investigar | Double-Bit Axe |
| 10:37 | Crear | Archer |
| 10:38 | Crear | Archer |
| 10:48 | Construir | House |
| 10:48 | Construir | House |
| 10:49 | Construir | House |
| 10:57 | Investigar | Town Watch |
| 11:14 | Crear | Archer |
| 11:14 | Crear | Archer |
| 11:20 | Crear | Villager (Male) |
| 11:28 | Crear | Villager (Male) |
| 12:02 | Crear | Archer |
| 12:02 | Crear | Archer |
| 12:07 | Investigar | Horse Collar |
| 12:11 | Construir | Farm |
| 12:12 | Construir | Farm |
| 12:34 | Crear | Archer |
| 12:38 | Construir | Blacksmith |
| 12:43 | Crear | Archer |
| 12:43 | Crear | Villager (Male) |
| 13:06 | Crear | Archer |
| 13:06 | Crear | Archer |
| 13:08 | Crear | Villager (Male) |
| 13:12 | Construir | Farm |
| 13:14 | Construir | Farm |
| 13:40 | Investigar | Fletching |
| 13:40 | Crear | Archer |
| 13:41 | Crear | Archer |
| 13:49 | Construir | House |
| 13:51 | Construir | House |
| 13:51 | Construir | House |
| 13:53 | Construir | Palisade Wall |
| 13:54 | Construir | Palisade Wall |
| 13:55 | Construir | Palisade Wall |
| 14:05 | Crear | Villager (Male) |
| 14:19 | Crear | Archer |
| 14:31 | Crear | Villager (Male) |
| 14:35 | Construir | Farm |
| 14:37 | Construir | Farm |
| 15:13 | Crear | Villager (Male) |
| 15:13 | Crear | Villager (Male) |
| 15:15 | Construir | Farm |
| 16:00 | Crear | Archer |
| 16:01 | Crear | Archer |
| 16:01 | Crear | Villager (Male) |
| 16:11 | Crear | Archer |
| 16:11 | Crear | Archer |
| 16:14 | Construir | Farm |
| 16:17 | Construir | Farm |
| 16:19 | Crear | Villager (Male) |
| 16:33 | Construir | Market |
| 16:36 | Construir | House |
| 16:38 | Construir | House |
| 16:42 | Crear | Villager (Male) |
| 16:45 | Construir | Farm |
| 16:46 | Crear | Archer |
| 16:46 | Crear | Archer |
| 16:48 | Crear | Archer |
| 16:48 | Crear | Archer |
| 16:53 | Crear | Villager (Male) |
| 17:30 | Crear | Archer |
| 17:32 | Construir | Farm |
| 17:36 | Construir | Farm |
| 17:40 | Construir | Farm |
| 17:43 | Crear | Villager (Male) |
| 17:57 | Construir | House |
| 17:58 | Construir | House |
| 18:01 | Crear | Villager (Male) |
| 18:04 | Crear | Archer |
| 18:04 | Crear | Archer |
| 18:50 | Crear | Villager (Male) |
| 18:54 | Construir | Farm |
| 18:56 | Construir | Farm |
| 19:00 | Construir | Archery Range |
| 19:11 | Crear | Villager (Male) |
| 19:18 | Crear | Archer |
| 19:19 | Crear | Archer |
Build order — ZZswitch
83 acciones detectadas en el replay
| 0:03 | Crear | Villager (Male) ×5 |
| 0:03 | Crear | Villager (Male) ×5 |
| 0:03 | Crear | Villager (Male) |
| 0:04 | Construir | House |
| 0:06 | Construir | House |
| 1:31 | Construir | Lumber Camp |
| 1:36 | Crear | Villager (Male) |
| 1:36 | Crear | Villager (Male) |
| 2:03 | Crear | Villager (Male) |
| 2:03 | Crear | Villager (Male) |
| 2:28 | Crear | Villager (Male) |
| 2:29 | Crear | Villager (Male) |
| 3:11 | Construir | House |
| 3:12 | Construir | House |
| 3:13 | Construir | House |
| 3:15 | Crear | Villager (Male) |
| 3:15 | Crear | Villager (Male) |
| 3:28 | Crear | Villager (Male) |
| 3:28 | Crear | Villager (Male) |
| 4:31 | Construir | Mill |
| 4:32 | Crear | Villager (Male) ×3 |
| 4:33 | Crear | Villager (Male) ×3 |
| 4:54 | Crear | Villager (Male) |
| 4:54 | Crear | Villager (Male) |
| 5:43 | Crear | Villager (Male) ×2 |
| 5:44 | Crear | Villager (Male) ×2 |
| 5:58 | Investigar | Loom |
| 6:53 | Construir | Palisade Wall |
| 7:07 | Construir | Lumber Camp |
| 7:10 | Investigar | Feudal Age |
| 7:10 | Investigar | Feudal Age |
| 7:38 | Construir | Barracks |
| 7:45 | Crear | Villager (Male) |
| 7:45 | Crear | Villager (Male) |
| 8:38 | Construir | Palisade Wall |
| 8:45 | Construir | Palisade Wall |
| 9:20 | Edad | Edad Feudal |
| 9:21 | Construir | Stable |
| 9:30 | Construir | Palisade Wall |
| 9:32 | Construir | Palisade Wall |
| 9:39 | Crear | Villager (Male) |
| 9:55 | Construir | Palisade Wall |
| 10:00 | Investigar | Double-Bit Axe |
| 10:05 | Crear | Scout Cavalry ×3 |
| 10:52 | Construir | Blacksmith |
| 10:56 | Crear | Villager (Male) ×4 |
| 11:18 | Construir | Palisade Wall |
| 11:23 | Crear | Scout Cavalry |
| 11:43 | Investigar | Forging |
| 11:54 | Construir | Palisade Wall |
| 11:58 | Crear | Villager (Male) |
| 12:09 | Construir | Mill |
| 12:23 | Construir | Mill |
| 12:24 | Crear | Scout Cavalry |
| 12:37 | Construir | House |
| 12:38 | Construir | House |
| 12:39 | Construir | House |
| 13:47 | Crear | Villager (Male) ×3 |
| 13:54 | Crear | Villager (Male) |
| 14:07 | Construir | House |
| 14:10 | Crear | Villager (Male) ×2 |
| 14:16 | Construir | Market |
| 14:17 | Construir | Farm |
| 14:50 | Construir | Farm |
| 15:09 | Crear | Scout Cavalry ×2 |
| 15:26 | Construir | Farm |
| 15:33 | Investigar | Scale Barding Armor |
| 16:04 | Construir | Mill |
| 16:12 | Construir | Palisade Wall |
| 16:15 | Construir | Farm |
| 16:16 | Construir | Farm |
| 16:19 | Crear | Villager (Male) ×5 |
| 16:21 | Construir | Farm |
| 16:26 | Construir | House |
| 17:05 | Construir | Mining Camp |
| 17:09 | Construir | House |
| 18:09 | Construir | House |
| 18:17 | Construir | House |
| 18:36 | Investigar | Castle Age |
| 18:43 | Construir | Palisade Gate |
| 18:47 | Construir | Stable |
| 18:52 | Investigar | Gold Mining |
| 19:11 | Construir | Farm |
Build order — Chili
118 acciones detectadas en el replay
| 0:02 | Crear | Villager (Male) |
| 0:02 | Construir | House |
| 0:04 | Construir | House |
| 0:04 | Crear | Villager (Male) |
| 0:15 | Crear | Villager (Male) |
| 0:16 | Crear | Villager (Male) |
| 1:29 | Crear | Villager (Male) |
| 1:57 | Crear | Villager (Male) |
| 2:19 | Crear | Villager (Male) |
| 2:33 | Crear | Villager (Male) |
| 3:00 | Construir | Settlement |
| 3:09 | Crear | Villager (Male) |
| 3:15 | Crear | Villager (Male) |
| 3:58 | Crear | Villager (Male) |
| 4:02 | Crear | Villager (Male) |
| 4:50 | Crear | Villager (Male) |
| 4:54 | Crear | Villager (Male) |
| 5:43 | Crear | Villager (Male) |
| 5:43 | Crear | Villager (Male) |
| 6:04 | Crear | Villager (Male) |
| 6:14 | Construir | Settlement |
| 6:33 | Crear | Villager (Male) |
| 7:10 | Crear | Villager (Male) |
| 7:15 | Investigar | Loom |
| 7:50 | Investigar | Feudal Age |
| 8:40 | Construir | Barracks |
| 8:51 | Construir | House |
| 9:10 | Crear | Villager (Male) |
| 9:20 | Crear | Villager (Male) |
| 10:07 | Edad | Edad Feudal |
| 10:10 | Construir | Archery Range |
| 10:13 | Construir | Archery Range |
| 10:16 | Crear | Villager (Male) |
| 10:19 | Investigar | Double-Bit Axe |
| 10:20 | Investigar | Horse Collar |
| 10:22 | Crear | Villager (Male) |
| 10:56 | Construir | Settlement |
| 10:59 | Crear | Villager (Male) |
| 11:05 | Crear | Archer |
| 11:05 | Crear | Archer |
| 11:16 | Crear | Villager (Male) |
| 11:21 | Crear | Archer |
| 11:38 | Construir | Palisade Wall |
| 11:39 | Construir | Palisade Wall |
| 11:40 | Construir | Palisade Wall |
| 11:41 | Construir | Palisade Wall |
| 11:46 | Construir | House |
| 11:49 | Construir | Palisade Wall |
| 11:51 | Crear | Archer |
| 12:10 | Crear | Archer |
| 12:10 | Crear | Archer |
| 12:26 | Crear | Villager (Male) |
| 12:29 | Crear | Villager (Male) |
| 12:34 | Crear | Villager (Male) |
| 12:37 | Construir | Farm |
| 12:38 | Construir | Farm |
| 12:38 | Crear | Villager (Male) |
| 12:43 | Crear | Archer |
| 12:44 | Crear | Archer |
| 13:14 | Crear | Skirmisher |
| 13:15 | Crear | Villager (Male) |
| 13:18 | Construir | Blacksmith |
| 13:33 | Crear | Archer |
| 13:34 | Crear | Villager (Male) |
| 13:38 | Construir | Farm |
| 13:54 | Crear | Archer |
| 13:54 | Crear | Archer |
| 14:07 | Crear | Archer |
| 14:23 | Investigar | Fletching |
| 14:24 | Crear | Archer |
| 14:25 | Crear | Archer |
| 14:25 | Crear | Villager (Male) |
| 14:35 | Construir | Palisade Wall |
| 14:41 | Construir | Palisade Wall |
| 14:43 | Crear | Villager (Male) |
| 15:09 | Construir | Farm |
| 15:10 | Construir | Farm |
| 16:02 | Crear | Villager (Male) |
| 16:05 | Construir | Palisade Wall |
| 16:10 | Crear | Archer |
| 16:10 | Crear | Archer |
| 16:10 | Crear | Archer |
| 16:10 | Crear | Archer |
| 16:15 | Construir | Archery Range |
| 16:19 | Construir | Palisade Wall |
| 16:25 | Crear | Villager (Male) |
| 16:31 | Construir | House |
| 16:40 | Crear | Villager (Male) |
| 16:44 | Construir | Farm |
| 16:49 | Construir | Farm |
| 17:17 | Construir | Palisade Gate |
| 17:29 | Crear | Archer |
| 17:29 | Crear | Archer |
| 17:31 | Crear | Villager (Male) |
| 17:34 | Crear | Villager (Male) |
| 17:37 | Construir | Farm |
| 17:38 | Construir | Farm |
| 17:38 | Construir | Farm |
| 17:38 | Construir | Farm |
| 17:46 | Crear | Archer |
| 17:46 | Crear | Archer |
| 18:00 | Construir | Farm |
| 18:00 | Crear | Villager (Male) |
| 18:08 | Crear | Archer |
| 18:47 | Crear | Archer |
| 18:47 | Crear | Archer |
| 18:50 | Crear | Skirmisher |
| 18:50 | Crear | Villager (Male) |
| 18:51 | Crear | Villager (Male) |
| 18:54 | Construir | Farm |
| 18:57 | Crear | Skirmisher |
| 18:58 | Crear | Villager (Male) |
| 19:10 | Crear | Villager (Male) |
| 19:21 | Crear | Archer |
| 19:21 | Crear | Archer |
| 19:34 | Crear | Villager (Male) |
| 19:38 | Crear | Archer |
| 19:38 | Crear | Archer |
Cronología de la partida
| 5:59 | rencud · wall_segment Palisade Wall x2 |
| 6:02 | rencud · wall_segment Palisade Wall x5 |
| 6:53 | ZZswitch · wall_segment Palisade Wall x1 |
| 7:02 | Vinric · first_building Barracks |
| 7:36 | rencud · first_building Barracks |
| 7:38 | ZZswitch · first_building Barracks |
| 7:46 | rencud · wall_segment Palisade Wall x3 |
| 8:10 | U Have Brain Lag · first_building Barracks |
| 8:11 | Confiturier · first_building Barracks |
| 8:13 | Frondeur · first_building Barracks |
| 8:18 | Vinric · wall_segment Palisade Wall x1 |
| 8:32 | rencud · wall_segment Palisade Wall x6 |
| 8:38 | ZZswitch · wall_segment Palisade Wall x7 |
| 8:40 | Chili · first_building Barracks |
| 8:45 | ZZswitch · wall_segment Palisade Wall x1 |
| 9:04 | U Have Brain Lag · age_up feudal |
| 9:09 | U Have Brain Lag · first_building Archery Range |
| 9:20 | ZZswitch · age_up feudal |
| 9:21 | ZZswitch · first_building Stable |
| 9:23 | Confiturier · age_up feudal |
| 9:24 | Frondeur · age_up feudal |
| 9:25 | Confiturier · first_building Stable |
| 9:26 | Frondeur · first_building Stable |
| 9:30 | ZZswitch · wall_segment Palisade Wall x7 |
| 9:32 | ZZswitch · wall_segment Palisade Wall x3 |
| 9:55 | ZZswitch · wall_segment Palisade Wall x7 |
| 10:07 | Chili · age_up feudal |
| 10:10 | Chili · first_building Archery Range |
| 10:19 | Vinric · age_up feudal |
| 10:31 | rencud · wall_segment Palisade Wall x1 |
| 11:01 | rencud · age_up feudal |
| 11:02 | rencud · first_building Stable |
| 11:18 | ZZswitch · wall_segment Palisade Wall x8 |
| 11:23 | nanoushka · first_building Barracks |
| 11:26 | Vinric · first_building Archery Range |
| 11:37 | nanoushka · age_up feudal |
| 11:38 | Chili · wall_segment Palisade Wall x1 |
| 11:39 | Chili · wall_segment Palisade Wall x1 |
| 11:40 | Chili · wall_segment Palisade Wall x1 |
| 11:41 | Chili · wall_segment Palisade Wall x1 |
| 11:43 | rencud · wall_segment Palisade Wall x2 |
| 11:49 | Chili · wall_segment Palisade Wall x6 |
| 11:54 | ZZswitch · wall_segment Palisade Wall x10 |
| 12:07 | rencud · wall_segment Palisade Wall x3 |
| 12:43 | rencud · wall_segment Palisade Wall x3 |
| 12:58 | Confiturier · wall_segment Palisade Wall x1 |
| 13:09 | nanoushka · first_building Stable |
| 13:12 | rencud · wall_segment Palisade Wall x6 |
| 13:23 | Confiturier · wall_segment Palisade Wall x1 |
| 13:53 | U Have Brain Lag · wall_segment Palisade Wall x1 |
| 13:54 | U Have Brain Lag · wall_segment Palisade Wall x1 |
| 13:55 | U Have Brain Lag · wall_segment Palisade Wall x1 |
| 14:11 | Confiturier · wall_segment Palisade Wall x1 |
| 14:26 | rencud · wall_segment Palisade Wall x1 |
| 14:34 | rencud · wall_segment Palisade Wall x1 |
| 14:35 | Chili · wall_segment Palisade Wall x10 |
| 14:36 | rencud · wall_segment Palisade Wall x1 |
| 14:41 | Chili · wall_segment Palisade Wall x9 |
| 14:53 | rencud · wall_segment Palisade Wall x1 |
| 14:55 | rencud · wall_segment Palisade Wall x1 |
| 15:00 | Vinric · wall_segment Palisade Wall x4 |
| 15:24 | rencud · age_up castle |
| 15:48 | Vinric · wall_segment Palisade Wall x7 |
| 16:05 | Chili · wall_segment Palisade Wall x1 |
| 16:12 | ZZswitch · wall_segment Palisade Wall x12 |
| 16:19 | Chili · wall_segment Palisade Wall x3 |
| 16:45 | Confiturier · wall_segment Palisade Wall x1 |
| 16:53 | Confiturier · wall_segment Palisade Wall x1 |
| 17:47 | Frondeur · wall_segment Palisade Wall x1 |
| 17:48 | Vinric · wall_segment Palisade Wall x10 |
| 17:51 | Frondeur · wall_segment Palisade Wall x1 |
| 17:51 | Frondeur · wall_segment Palisade Wall x1 |
| 17:52 | Vinric · wall_segment Palisade Wall x4 |
| 17:54 | Vinric · wall_segment Palisade Wall x1 |
| 17:58 | Frondeur · first_market_sell 100 wood |
| 18:04 | Vinric · wall_segment Palisade Wall x5 |
| 18:10 | Vinric · wall_segment Palisade Wall x6 |
| 18:25 | ZZswitch · first_market_sell 100 wood |
| 18:29 | ZZswitch · first_market_buy 100 food |
| 18:33 | Frondeur · wall_segment Palisade Wall x1 |
| 19:39 | Confiturier · resign |
[ ANÁLISIS IA · 1 CRÉDITO ]
¿Qué pasó realmente en esta partida?
Wolo.gg analiza cada decisión: build order, eco, micro, errores típicos por bracket. Análisis personalizado por WhatsApp o Discord en 30 segundos.
Guía civ
Wei
Guía mapa
Mountain Ridge
Perfil
Confiturier